 Dungeon Crawl Stone Soup version 0.26-a0-712-ga5a9c9c9d0 (webtiles) character file.

Game seed: 2632321657492512032

9 Azzok the Chopper (level 2, 18/24 HPs)
             Began as a Demonspawn Berserker on Nov 7, 2020.
             Was a Follower of Trog.
             Quit the game on level 1 of the Dungeon.
             The game lasted 00:00:52 (448 turns).

Azzok the Chopper (Demonspawn Berserker)             Turns: 448, Time: 00:00:53

Health: 18/24      AC:  8    Str: 17    XL:     2   Next: 3%
Magic:  2/2        EV:  7    Int:  8    God:    Trog [*.....]
Gold:   72         SH:  0    Dex: 12    Spells: 1/1 levels left

rFire    . . .     SeeInvis .   a - +0 hand axe
rCold    . . .     Faith    .   (no shield)
rNeg     . . .     Spirit   .   c - +0 chain mail
rPois    .         Reflect  .   (no helmet)
rElec    .         Harm     .   (no cloak)
rCorr    .         Rampage  .   (no gloves)
MR       .....                  (no boots)
Stlth    ..........             f - amulet of inaccuracy (curse)
HPRegen  0.08/turn              d - ring of attention (curse)
MPRegen  0.08/turn              (no ring)

@: no status effects
A: spiny 1
a: Berserk, Renounce Religion


You were on level 1 of the Dungeon.
You worshipped Trog.
Trog was aware of your devotion.
You visited 1 branch of the dungeon, and saw 1 of its levels.

You collected 72 gold pieces.

Inventory:

Hand Weapons
 a - a +0 hand axe (weapon)
Armour
 b - a +0 animal skin
 c - a +0 chain mail (worn)
Jewellery
 d - a cursed ring of attention (left hand)
 f - a cursed amulet of inaccuracy (around neck)
Scrolls
 i - a scroll of immolation {unknown}
 j - a scroll of remove curse {unknown}
Potions
 e - a potion of cancellation {unknown}
 g - a potion of degeneration {unknown}
 h - a potion of mutation {unknown}
 k - a potion of ambrosia {unknown}


   Skills:
 - Level 3.0 Fighting
 + Level 3.2 Axes
 - Level 1.7 Armour
 - Level 1.7 Dodging


You had one spell level left.
You didn't know any spells.
Your spell library was empty.

Dungeon Overview and Level Annotations

Branches:
Dungeon (1/15)

Altars:


Innate Abilities, Weirdness & Mutations

You are partially covered in sharp spines.


Message History

You hit the dart slug.
The dart slug is heavily wounded.
You hit the dart slug.
The dart slug is severely wounded.
The dart slug barely misses you.
You hit the dart slug but do no damage.
The dart slug is severely wounded.
The dart slug launches a dart at you. The slug dart hits you.
You hit the dart slug.
The dart slug is severely wounded.
The dart slug closely misses you.
You slash the dart slug!
You kill the dart slug!
Trog accepts your kill.
You have reached level 2!
Your demonic ancestry asserts itself...
Sharp spines emerge from parts of your body.
Autopickup is now off.
Are you sure you want to abandon this character and quit the game? (Confirm with "yes".)

▒▒·▒▒▒▒▒▒▒▒▒▒▒·▒▒
▒···▒
··········▒·····▒ ·
··▒▒▒▒▒▒▒···▒▒··▒ ·
··▒▒▒▒▒▒▒····▒··▒▒▒·
▒·········▒··▒··▒··
▒·▒▒▒▒▒▒▒▒··>▒··▒·▒
▒·▒······▒···▒····▒
▒·▒·▒▒▒▒·▒···▒····▒
▒·▒·▒·<▒·▒···▒··@▒ ▒
▒·▒····▒·▒···▒···▒▒··▒
▒·▒▒▒▒▒▒·▒···▒······(▒
▒········▒·▒·▒··▒▒▒·▒▒
··▒▒▒▒▒▒·····▒··▒ ··
··▒▒▒▒▒▒···▒·▒··▒ ▒·▒
·············▒··▒ ▒
·▒▒▒·▒▒▒▒▒▒▒▒▒··▒
················▒


There were no monsters in sight!

Vanquished Creatures
  A dart slug (D:1)
  2 goblins (D:1)
  A hobgoblin (D:1)
  A bat (D:1)
  A kobold (D:1)
  A rat (D:1)
7 creatures vanquished.

Notes
Turn   | Place    | Note
-------+----------+-------------------------------------------
     0 | D:1      | Azzok the Demonspawn Berserker began the quest for the Orb.
     0 | D:1      | Reached XP level 1. HP: 18/18 MP: 1/1
   447 | D:1      | Gained mutation: You are partially covered in sharp spines.
                  | [demonic ancestry]
   447 | D:1      | Reached XP level 2. HP: 18/24 MP: 2/2
   448 | D:1      | Quit the game

Illustrated notes

Levels and vault maps discovered:
D:1:      zelgadis_glass_arrival_small, layout_basic,
          chequers_serial_rivers_room_b

Skill      XL: |  1 |
---------------+----+-----
Axes           | 3 |  3.2
Fighting       | |  3.0
Armour         | |  1.7
Dodging        | |  1.7

Action                   || total
-------------------------++-------
Melee: Hand axe          ||    22
Armor: Chain mail        ||     4
Dodge: Dodged            ||     7

Table legend: (Time is in decaauts)
 A = Elapsed time spent in this place.
 B = Non-inter-level travel time spent in this place.
 C = Inter-level travel time spent in this place.
 D = Time resting spent in this place.
 E = Time spent auto-exploring this place.
 F = Levels seen in this place.
 G = Mean time per level.
                   A        B        C        D        E       F      G
               +--------+--------+--------+--------+--------+-----+--------+
         Total |    452 |    452 |      0 |     19 |    354 |   1 |  452.0 |
       Dungeon |    452 |    452 |      0 |     19 |    354 |   1 |  452.0 |
               +--------+--------+--------+--------+--------+-----+--------+

Top non-repeatable levels by time:
     D:1: 452 daAuts
